 Dungeon Crawl Stone Soup version 0.26.1-11-gd32895ea62 (webtiles) character file.

Game seed: 7994205529602910061

64657 raph the Impaler (level 14, -25/114 HPs)
             Began as a Minotaur Fighter on Apr 24, 2021.
             Was the Champion of Hepliaklqana.
             Annihilated by a reaper
             ... wielding a +1 scythe of protection
              (42 damage)
             ... on level 3 of the Abyss.
             The game lasted 00:46:02 (26370 turns).

raph the Impaler (Minotaur Fighter)                Turns: 26370, Time: 00:46:03

Health: -25/114    AC: 20    Str: 23    XL:     14   Next: 72%
Magic:  17/19      EV: 21    Int:  5    God:    Hepliaklqana [******]
Gold:   399        SH:  0    Dex: 13    Spells: 13/19 levels left

rFire    . . .     SeeInvis +   a - +0 bardiche
rCold    . . .     Faith    .   (shield currently unavailable)
rNeg     . . .     Spirit   .   F - +2 acid dragon scales
rPois    +         Reflect  .   e - +0 mask of the Dragon {Will+ Slay+3 SInv}
rElec    .         Harm     .   g - +1 cloak
rCorr    +         Rampage  .   z - +2 pair of gloves
Will     ++...                  L - +2 pair of boots
Stlth    +.........             (no amulet)
HPRegen  0.29/turn              y - ring "Xucsigyr" {Wiz rPois}
MPRegen  0.16/turn              B - +4 ring of evasion

@: about to teleport
A: retaliatory headbutt, reduced essence, horns 2
a: Renounce Religion, Recall Ancestor, Ancestor Identity, Transference, Idealise


You were on level 3 of the Abyss.
You worshipped Hepliaklqana.
Hepliaklqana was exalted by your worship.
You visited 3 branches of the dungeon, and saw 18 of its levels.
You visited the Abyss 1 time.
You also visited: Sewer.

You collected 2081 gold pieces.
You spent 1682 gold pieces at shops.

Inventory:

Hand Weapons
 a - a +0 bardiche (weapon)
 b - a +0 longbow
 c - a +6 halberd
 w - a +2 trident of venom
 A - a +0 halberd
Missiles
 h - 21 boomerangs (quivered)
 M - 114 arrows
Armour
 e - the +0 mask of the Dragon (worn) {Will+ Slay+3 SInv}
   (You bought it in a shop on level 2 of the Orcish Mines)

   It affects your accuracy and damage with ranged weapons and melee attacks
   (+3).
   It affects your willpower, your defense against some magical effects.
   It lets you see invisible.
 g - a +1 cloak (worn)
 q - a +1 hat
 z - a +2 pair of gloves (worn)
 F - +2 acid dragon scales (worn)
 L - a +2 pair of boots (worn)
Jewellery
 y - the ring "Xucsigyr" (left hand) {Wiz rPois}
   (You found it on level 6 of the Dungeon)

   [ring of wizardry]

   It improves your spell success rate.
   It protects you from poison.
 B - a +4 ring of evasion (right hand)
 C - an uncursed ring of willpower
 E - an uncursed ring of protection from fire
 Q - an uncursed ring of protection from cold
 X - a +6 ring of intelligence
Wands
 v - a wand of paralysis (21)
 D - a wand of enslavement (47)
 O - a wand of digging (3)
 R - a wand of disintegration (22)
 T - a wand of iceblast (10)
Scrolls
 d - 3 scrolls of amnesia
 f - a scroll of holy word
 l - 3 scrolls of identify
 p - 6 scrolls of teleportation
 u - 3 scrolls of immolation
 G - 4 scrolls of magic mapping
 H - a scroll of fog
 I - 3 scrolls of blinking
 K - 9 scrolls of remove curse
 P - a scroll of summoning
 S - a scroll of silence
Potions
 i - a potion of magic
 j - 2 potions of resistance
 k - 2 potions of ambrosia
 m - 13 potions of curing
 n - 5 potions of heal wounds
 o - 3 potions of flight
 r - 3 potions of haste
 t - 2 potions of lignification
 J - 3 potions of attraction
 N - 2 potions of brilliance
 Y - a potion of cancellation
 Z - a potion of invisibility
Miscellaneous
 V - a phial of floods
 W - a condenser vane (inert)


   Skills:
 - Level 12.7 Fighting
 * Level 16.7 Polearms
 * Level 7.4 Bows
 + Level 10.8 Armour
 + Level 9.4 Dodging
 - Level 3.6 Shields
 - Level 3.4 Spellcasting
 - Level 4.7 Hexes
 - Level 2.8 Necromancy
 - Level 3.0 Translocations
 - Level 8.0 Invocations
 - Level 3.6 Evocations


You had 13 spell levels left.
You knew the following spells:

 Your Spells              Type           Power        Failure   Level
a - Animate Skeleton      Necr           6%           6%          1
b - Apportation           Tloc           6%           5%          1
c - Corona                Hex            5%           2%          1
d - Tukima's Dance        Hex            5%           8%          3

Your spell library contained the following spells:

 Spells                   Type           Power        Failure   Level
 Ensorcelled Hibernation  Hex/Ice        6%           11%         2
 Beastly Appendage        Tmut           0%           17%         1
 Summon Small Mammal      Summ           0%           17%         1
 Mephitic Cloud           Conj/Pois/Air  0%           45%         3
 Spider Form              Tmut/Pois      0%           45%         3
 Silence                  Hex/Air        1%           86%         5
 Borgnjor's Vile Clutch   Necr/Erth      1%           93%         5
 Fireball                 Conj/Fire      0%           99%         5
 Irradiate                Conj/Tmut      0%           99%         5
 Lightning Bolt           Conj/Air       0%           99%         5
 Eringya's Noxious Bog    Tmut/Pois      0%           100%        6
 Shadow Creatures         Summ           N/A          100%        6


Dungeon Overview and Level Annotations

Branches:
Dungeon (10/15)            Temple (0/1) D:7            Lair (6/6) D:10
  Swamp (0/4) Lair:3        Snake (0/4) Lair:4        Slime (0/5) Lair:6
    Orc (2/2) D:9             Elf (0/3) Orc:2         Sewer (visited)

Altars:
Ashenzari
Dithmenos
Hepliaklqana
Kikubaaqudgha
Makhleb
Okawaru
Ru
Trog
Wu Jian
Zin
Beogh
Jiyva

Shops:
D:6 (   Orc:2 (?[*


Innate Abilities, Weirdness & Mutations

You reflexively headbutt those who attack you in melee.
You have a pair of horns on your head.
Your life essence is reduced to manifest your ancestor. (-10% HP)


Message History

The shadow dragon zombie barely misses you.
You furiously retaliate!
You headbutt the shadow dragon zombie.
The shadow dragon zombie closely misses you.
The shadow dragon zombie claws you but does no damage.
You hit the shadow dragon zombie.
The shadow dragon zombie is heavily damaged.
The worldbinder hits you but does no damage.
The worldbinder misses you.
A shadow dragon skeleton comes into view.
The reaper misses you. The shadow dragon zombie bites you.
* * * LOW HITPOINT WARNING * * *
The shadow dragon zombie claws you but does no damage.
The shadow dragon zombie barely misses you.
The worldbinder misses you.
The worldbinder hits you but does no damage.
You slash the shadow dragon zombie!
The shadow dragon zombie is heavily damaged.
The worldbinder barely misses you. The worldbinder closely misses you.
The reaper hits you from afar with a +1 scythe of protection!!!
You die...

## ##Z## #
### #@#
#.##.##x##
#..##2##
##h## ..##
#Z# ..#.
..... # #
#.


You could see a reaper, a worldbinder, a warg (summoned), a shadow dragon zombie
and a shadow dragon skeleton.

Vanquished Creatures
  Kirke (Lair:6)
  A dire elephant (Lair:6)
  Josephine (D:10)
  Harold (D:8)
  12 hydras
  Erica (D:8)
  2 two-headed ogres
  2 catoblepae
  3 death yaks (Lair:6)
  A deep troll shaman (Lair:6)
  4 orc high priests (Orc:2)
  An unseen horror (D:10)
  8 orc knights
  An orb spider (Abyss:3)
  A cyclops (Orc:1)
  An orc sorcerer (Orc:2)
  7 black mambas
  18 elephants
  A torpor snail (Lair:4)
  7 cane toads
  Maggie (D:8)
  4 rime drakes
  4 komodo dragons
  4 trolls
  A polar bear (Lair:6)
  A tyrant leech (Lair:3)
  8 blink frogs
  2 raiju (Abyss:3)
  4 dream sheep (Lair:4)
  4 wraiths (D:10)
  A spriggan (Lair:2)
  2 wyverns
  A hog (Lair:6)
  24 yaks
  Grum (D:8)
  2 fire bats (Abyss:3)
  2 basilisks (Lair:6)
  4 nagas (Lair:4)
  A small abomination (Abyss:3)
  19 water moccasins
  2 black bears
  23 orc warriors
  2 sky beasts
  4 ogres
  15 wolves
  2 centaurs
  5 big kobolds
  11 bullfrogs
  Blork the orc (D:4)
  3 scorpions
  8 killer bees
  8 wights
  An electric eel (Lair:2)
  3 howler monkeys
  4 hounds
  4 jellies
  24 orc priests
  2 bullfrog skeletons
  18 orc wizards
  An iron imp (Abyss:3)
  7 hell rats (Lair:6)
  4 iguanas
  4 worker ants
  3 hexers
  A hound zombie (D:5)
  5 hound skeletons
  A worker ant zombie (D:8)
  7 adders
  10 gnolls
  8 river rats
  3 shadow imps
  3 ufetubi
  An adder skeleton (D:5)
  4 worms
  A dart slug (D:1)
  5 leopard geckos
  58 orcs
  3 giant cockroaches
  11 goblins
  11 hobgoblins
  9 jackals (D:7)
  A quokka (D:7)
  4 ball pythons
  4 bats
  2 frilled lizards
  A giant cockroach zombie (D:6)
  28 kobolds
  A leopard gecko skeleton (D:4)
  13 rats
518 creatures vanquished.

Vanquished Creatures (collateral kills)
  2 large abominations (Abyss:3)
  A death yak (Lair:6)
  An orc high priest (Orc:2)
  An orc knight (Orc:1)
  An orc sorcerer (Orc:1)
  2 elephants
  A rime drake (Lair:4)
  A komodo dragon (Lair:4)
  A tyrant leech (Lair:3)
  A yak (Lair:4)
  Eustachio (D:4)
  A hog (Lair:6)
  Menkaure (D:4)
  2 water moccasins
  A black bear (Lair:6)
  4 orc warriors
  A sky beast (D:7)
  An ogre (D:4)
  2 bullfrogs
  A wyvern zombie (D:7)
  A scorpion (D:4)
  2 killer bees
  An electric eel (Lair:2)
  2 orc priests
  An iguana (D:9)
  3 worker ants
  4 orc wizards
  2 river rats
  A white imp (D:9)
  2 worms (D:2)
  2 leopard geckos
  8 orcs
  2 ball pythons (Sewer)
  A bat (D:4)
  A giant cockroach (D:4)
  A hobgoblin (D:3)
  2 quokkas (D:6)
  A jackal zombie (D:6)
  6 kobolds
  6 rats (Sewer)
  2 butterflies (Lair:3)
78 creatures vanquished.

Vanquished Creatures (others)
  2 small abominations (Abyss:3)
  24 hexers
  A white imp (Abyss:3)
  An ancestor (D:3)
  47 fungi
  A lurking horror (Abyss:3)
  77 plants
153 creatures vanquished.

Grand Total: 749 creatures vanquished

Notes
Turn   | Place    | Note
-------+----------+-------------------------------------------
     0 | D:1      | raph the Minotaur Fighter began the quest for the Orb.
     0 | D:1      | Reached XP level 1. HP: 19/19 MP: 0/0
   148 | D:1      | Reached skill level 3 in Polearms
   255 | D:1      | Reached XP level 2. HP: 26/26 MP: 1/1
   739 | D:2      | Reached skill level 4 in Polearms
   803 | D:2      | Found a hazy altar of Hepliaklqana.
   829 | D:2      | Became a worshipper of Hepliaklqana the Forgotten
   894 | D:2      | Reached XP level 3. HP: 27/27 MP: 2/2
  1619 | D:3      | Reached skill level 5 in Polearms
  1736 | D:3      | Reached XP level 4. HP: 31/35 MP: 3/3
  1742 | D:3      | Reached skill level 6 in Polearms
  1868 | D:3      | Reached * piety under Hepliaklqana
  1889 | D:3      | Reached XP level 5. HP: 40/40 MP: 2/4
  2423 | D:4      | Noticed Eustachio
  2433 | D:4      | Killed Eustachio
  2434 | D:4      | Reached skill level 8 in Polearms
  2434 | D:4      | Reached XP level 6. HP: 25/45 MP: 5/5
  2439 | D:4      | Found a glowing drain.
  2574 | Sewer    | Entered a sewer
  3001 | Sewer    | Reached skill level 9 in Polearms
  3001 | Sewer    | Reached XP level 7. HP: 51/51 MP: 6/6
  3248 | D:4      | Noticed Menkaure
  3831 | D:4      | Killed Menkaure
  3832 | D:4      | Reached skill level 10 in Polearms
  4051 | D:4      | Noticed Blork the orc
  4060 | D:4      | Killed Blork the orc
  4308 | D:4      | Reached skill level 11 in Polearms
  4316 | D:4      | Reached XP level 8. HP: 49/57 MP: 7/7
  4444 | D:4      | Reached ** piety under Hepliaklqana
  4445 | D:4      | Remembered your ancestor Zola as a hexer
  5071 | D:5      | Entered Level 5 of the Dungeon
  5095 | D:5      | Reached skill level 12 in Polearms
  5853 | D:5      | Reached *** piety under Hepliaklqana
  6047 | D:5      | Found a burning altar of Makhleb.
  6134 | D:6      | Reached skill level 13 in Polearms
  6145 | D:6      | Got a twitching bone ring
  6146 | D:6      | Identified the ring "Xucsigyr" {Wiz rPois} (You found it on
                  | level 6 of the Dungeon)
  6233 | D:6      | Found an iron altar of Okawaru.
  6337 | D:6      | Reached XP level 9. HP: 63/63 MP: 8/8
  6421 | D:6      | Found Biruuts's Antique Weapon Emporium.
  6428 | D:6      | Bought a runed halberd for 189 gold pieces
  6431 | D:6      | Learned a level 1 spell: Animate Skeleton
  6449 | D:6      | Learned a level 1 spell: Apportation
  6451 | D:6      | Learned a level 1 spell: Corona
  6781 | D:7      | Reached skill level 14 in Polearms
  6962 | D:7      | Found an ancient bone altar of Kikubaaqudgha.
  6962 | D:7      | Found a sacrificial altar of Ru.
  7132 | D:7      | Reached **** piety under Hepliaklqana
  7476 | D:7      | Found a staircase to the Ecumenical Temple.
  7699 | D:7      | Found a broken altar of Ashenzari.
  8028 | D:8      | Noticed Erica
  8034 | D:8      | Killed Erica
  8035 | D:8      | Reached skill level 15 in Polearms
  8148 | D:8      | Noticed Maggie
  8160 | D:8      | Killed Maggie
  8161 | D:8      | Reached skill level 16 in Polearms
  8182 | D:8      | Reached XP level 10. HP: 31/70 MP: 9/9
  8483 | D:8      | Reached skill level 1 in Dodging
  8488 | D:8      | Reached skill level 1 in Invocations
  8689 | D:8      | Noticed Harold
  8709 | D:8      | Killed Harold
  8921 | D:8      | Identified the Guide on Ensnaring Flight
  8927 | D:8      | Learned a level 3 spell: Tukima's Dance
  9015 | D:8      | Noticed Grum
  9035 | D:8      | Reached skill level 5 in Fighting
  9035 | D:8      | Reached skill level 5 in Armour
  9042 | D:8      | Killed Grum
  9401 | D:9      | Noticed a two-headed ogre
  9406 | D:8      | Reached skill level 1 in Hexes
  9592 | D:9      | Found a staircase to the Orcish Mines.
  9624 | D:8      | Killed a two-headed ogre
  9850 | D:9      | Found a glowing silver altar of Zin.
  9853 | D:9      | Found an ornate altar of the Wu Jian Council.
  9870 | D:9      | Found a shadowy altar of Dithmenos.
  9870 | D:9      | Found an iron altar of Okawaru.
 10499 | D:9      | Found a roughly hewn altar of Beogh.
 10532 | D:10     | Entered Level 10 of the Dungeon
 10532 | D:10     | Found a staircase to the Lair.
 10677 | D:10     | Noticed a two-headed ogre
 10693 | D:10     | Killed a two-headed ogre
 10694 | D:10     | Reached XP level 11. HP: 46/81 MP: 13/13
 10961 | D:10     | Killed an unseen horror
 11084 | D:10     | Noticed an eight-headed hydra
 11093 | D:10     | Killed an eight-headed hydra
 11094 | D:10     | Reached skill level 5 in Dodging
 11290 | D:10     | Noticed Josephine
 11300 | D:10     | Killed Josephine
 11320 | D:10     | Reached ***** piety under Hepliaklqana
 11327 | D:10     | Reached skill level 5 in Invocations
 11874 | Lair:1   | Entered Level 1 of the Lair of Beasts
 12040 | Lair:1   | Noticed a six-headed hydra
 12053 | Lair:1   | Killed a six-headed hydra
 12469 | Lair:1   | Noticed an eight-headed hydra
 12487 | Lair:1   | Killed an eight-headed hydra
 13868 | Lair:2   | Noticed a catoblepas
 13887 | Lair:2   | Killed a catoblepas
 13888 | Lair:2   | Reached XP level 12. HP: 85/94 MP: 15/15
 14534 | Lair:3   | Reached skill level 10 in Fighting
 14594 | Lair:3   | Reached skill level 1 in Translocations
 14595 | Lair:3   | Reached skill level 1 in Necromancy
 14720 | Lair:3   | Reached skill level 1 in Spellcasting
 16036 | Lair:3   | Noticed a seven-headed hydra
 16057 | Lair:3   | Killed a seven-headed hydra
 16191 | Lair:3   | Noticed a seven-headed hydra
 16210 | Lair:3   | Killed a seven-headed hydra
 16624 | Lair:3   | Found a staircase to the Swamp.
 16778 | Lair:4   | Noticed a four-headed hydra
 16786 | Lair:4   | Killed a four-headed hydra
 16871 | Lair:4   | Reached XP level 13. HP: 88/104 MP: 17/17
 16873 | Lair:4   | Reached ****** piety under Hepliaklqana
 17120 | Lair:4   | Found a staircase to the Snake Pit.
 17196 | Lair:4   | Reached skill level 1 in Evocations
 18319 | Lair:4   | Reached skill level 1 in Bows
 18946 | Lair:5   | Found an ancient bone altar of Kikubaaqudgha.
 19911 | Lair:6   | Entered Level 6 of the Lair of Beasts
 20541 | Lair:6   | Found a viscous altar of Jiyva.
 20541 | Lair:6   | Found a staircase to the Slime Pits.
 20626 | Lair:6   | Noticed Kirke
 20637 | Lair:6   | Killed Kirke
 20638 | Lair:6   | Reached skill level 10 in Armour
 21048 | Lair:6   | Reached XP level 14. HP: 114/114 MP: 18/18
 21257 | Lair:6   | Reached skill level 5 in Bows
 21584 | Lair:6   | Identified Sif Muna's Catalogue of the Unstable Blaze
 21990 | Orc:1    | Entered Level 1 of the Orcish Mines
 22144 | Orc:1    | Paralysed by an orc sorcerer for 5 turns
 22534 | Orc:2    | Entered Level 2 of the Orcish Mines
 22701 | Orc:2    | Found a roughly hewn altar of Beogh.
 22797 | Orc:2    | Found a bloodstained altar of Trog.
 22887 | Orc:2    | Found a staircase to the Elven Halls.
 25559 | Orc:2    | Found Ketuakhla's General Store.
 25559 | Orc:2    | Found Qirenk's Antique Weapon Shop.
 25560 | Orc:2    | Found Zunoi's Antique Armour Shop.
 25560 | Orc:2    | Found Bunag's Magic Scroll Boutique.
 25570 | Orc:2    | Bought the +0 mask of the Dragon {Will+ Slay+3 SInv} for
                  | 901 gold pieces
 25570 | Orc:2    | Found the +0 mask of the Dragon {Will+ Slay+3 SInv}
 25584 | Orc:2    | Bought a scroll of blinking for 97 gold pieces
 25584 | Orc:2    | Bought a scroll of blinking for 97 gold pieces
 25584 | Orc:2    | Bought a scroll of magic mapping for 45 gold pieces
 25584 | Orc:2    | Bought a scroll of holy word for 97 gold pieces
 25603 | Orc:2    | Bought a runed glaive for 256 gold pieces
 25604 | Orc:2    | Cast into level 3 of the Abyss (unwielding a weapon of
                  | distortion)
 26353 | Abyss:3  | Noticed a reaper
 26370 | Abyss:3  | Annihilated by a reaper

Illustrated notes

Levels and vault maps discovered:
D:1:      ebering_trefoil_3fold, layout_loops_ring
D:2:      layout_rooms, lemuel_coloured_pillars_altar, serial_bayou,
          serial_bayou_lake_a, serial_bayou_shore_a, serial_bayou_lagoon_a,
          serial_bayou_crossing
D:3:      layout_basic
D:4:      cheibrodos_thug_alley, layout_loops_ring,
          cheibrodos_sewer_entry_sluice, uniq_menkaure, uniq_eustachio,
          uniq_blork_the_orc
D:5:      layout_gridville, basic_altar
D:6:      layout_cave_pools, serial_shops, nicolae_shop_crystal, basic_altar
D:7:      layout_basic, gammafunk_temple_overflow_wave,
          minmay_temple_entry_antechambers, basic_altar
D:8:      layout_basic, uniq_erica, uniq_maggie, uniq_harold, uniq_grum
D:9:      layout_big_octagon, grunt_temple_overflow_open,
          minmay_orc_entry_temple_small, lightli_corner_chamber
D:10:     layout_rooms, lair_entry_dummy, minmay_crystal_water,
          dk_rats_in_the_wall, uniq_josephine
Lair:1:   layout_loops_ring
Lair:2:   layout_cave_pods, serial_forest, infiniplex_forest_side_room,
          infiniplex_forest_lined_3_way, infiniplex_forest_clump_double,
          infiniplex_forest_clump_diagonal, infiniplex_forest_end_double,
          infiniplex_forest_zigzag_1, infiniplex_forest_clump_small,
          infiniplex_forest_clump_long, infiniplex_forest_end_double,
          nicolae_quartered_pool_little, grunt_forest_large_clearing_hut,
          lemuel_fruit_tree
Lair:3:   layout_loops_ring, palyth_hydra_swamp_entry, minmay_stone_trees_large,
          lemuel_fruit_fields
Lair:4:   layout_roguey, minmay_snake_entry_guardpost_small, st_stairs_3
Lair:5:   layout_layer_cave, basic_altar, grunt_megastairs_3,
          infiniplex_staircase_pool_2
Lair:6:   grunt_lair_end_beastmaster, layout_small_grid, slime_altar_1,
          uniq_kirke
Orc:1:    layout_diamond_mine
Orc:2:    st_orc_pillars, layout_caves, basic_altar, nicolae_orc_lost_temple
Abyss:3:  base: Lair:1, evilmike_abyss_exit_6

Skill      XL: |  1  2  3  4  5  6  7  8  9 10 11 12 13 14 |
---------------+-------------------------------------------+-----
Polearms       | 3 4 5 6 8 9 11 13 16 | 16.7
Dodging        | 4 6 7 8 9 |  9.4
Armour         | 6 8 9 10 | 10.8
Fighting       | 6 9 11 12 | 12.7
Invocations    | 4 5 6 7 8 |  8.0
Hexes          | 2 3 4 |  4.7
Translocations | 2 3 |  3.0
Necromancy     | 2 |  2.8
Spellcasting   | 2 3 |  3.4
Evocations     | 3 |  3.6
Bows           | 4 7 |  7.4
Shields        | |  3.6

Action                   |  1- 3 |  4- 6 |  7- 9 | 10-12 | 13-15 || total
-------------------------+-------+-------+-------+-------+-------++-------
Melee: Trident           |   106 |    26 |       |    33 |    46 ||   211
       Headbutt          |     8 |     9 |    46 |    88 |   126 ||   277
       Halberd           |       |    98 |   284 |   525 |   300 ||  1207
       Unarmed           |       |       |       |       |     3 ||     3
       Bardiche          |       |       |       |       |   281 ||   281
 Fire: Shortbow          |       |       |       |    11 |       ||    11
       Longbow           |       |       |       |       |    46 ||    46
Invok: Recall Ancestor   |       |     1 |     5 |     1 |     2 ||     9
       Ancestor Identity |       |     1 |       |       |       ||     1
       Ancestor Life: He |       |       |     1 |       |       ||     1
       Transference      |       |       |       |       |     1 ||     1
       Idealise          |       |       |       |       |     2 ||     2
Evoke: Wand              |       |       |       |     4 |     7 ||    11
       Condenser vane    |       |       |       |       |     1 ||     1
  Use: Scroll            |     8 |     4 |    11 |    10 |    10 ||    43
       Potion            |       |       |     1 |     3 |     1 ||     5
 Stab: Distracted        |       |       |     4 |     4 |     8 ||    16
       Confused          |       |       |     4 |       |     6 ||    10
       Petrified         |       |       |       |       |     9 ||     9
       Petrifying        |       |       |       |       |     1 ||     1
Armor: Scale mail        |    19 |    24 |    16 |       |       ||    59
       Chain mail        |       |       |    54 |       |       ||    54
       Acid dragon scale |       |       |       |   123 |   172 ||   295
Dodge: Dodged            |    14 |    50 |    58 |   304 |   471 ||   897
Block: Kite shield       |    31 |    11 |       |       |       ||    42
